 Dungeon Crawl Stone Soup version 0.28.0-53-g5a82cb258f (webtiles) character file.

Game seed: 9330942719924283015

16 Logoto the Firebug (level 2, -2/20 HPs)
             Began as a Hill Orc Fire Elementalist on Aug 3, 2022.
             Slain by a ball python (3 damage)
             ... on level 3 of the Dungeon.
             The game lasted 00:03:06 (1000 turns).

Logoto the Firebug (Hill Orc Fire Elementalist)     Turns: 1000, Time: 00:03:07

Health: -2/20      AC:  5    Str: 10    XL:     2   Next: 58%
Magic:  1/4        EV:  7    Int: 15    God:
Gold:   59         SH:  0    Dex: 11    Spells: 1/4 levels left

rFire   . . .      SeeInvis .   (no weapon)
rCold   . . .      Faith    .   (no shield)
rNeg    . . .      Spirit   .   d - +0 ring mail
rPois   .          Reflect  .   (no helmet)
rElec   .          Harm     .   (no cloak)
rCorr   .          Rampage  .   (no gloves)
Will    .....                   (no boots)
Stlth   +.........              (no amulet)
HPRegen 0.06/turn               (no ring)
MPRegen 0.09/turn               (no ring)

@: constricted
A: no striking features
a: no special abilities


You were on level 3 of the Dungeon.
You visited 1 branch of the dungeon, and saw 3 of its levels.

You collected 59 gold pieces.

Inventory:

Armour
 d - a +0 ring mail (worn)
Jewellery
 c - a ring of protection from cold
Scrolls
 b - a scroll of immolation {unknown}
Potions
 a - a potion of curing {unknown}


   Skills:
 + Level 1.6 Dodging
 + Level 1.5 Stealth
 + Level 0.3 Unarmed Combat
 + Level 1.7 Spellcasting
 + Level 1.0 Conjurations
 + Level 4.0 Fire Magic


You had one spell level left.
You knew the following spells:

 Your Spells              Type           Power      Damage    Failure   Level
a - Foxfire               Conj/Fire      32%        2x1d5     22%         1
b - Scorch                Fire           26%        2d6       17%         2

Your spell library contained the following spells:

 Spells                   Type           Power      Damage    Failure   Level
 Conjure Flame            Conj/Fire      8%         6-21      54%         3
 Inner Flame              Hex/Fire       7%         N/A       61%         3
 Flame Wave               Conj/Fire      8%         2d5       91%         4


Dungeon Overview and Level Annotations

Branches:
Dungeon (3/15)

Altars:
Xom


Message History

The bat barely misses you.
The bat hits you but does no damage. x2; The ball python barely misses you.
The ball python grabs you. The ball python constricts you.
The ball python's grasp on you weakens, but your attempt to escape fails.
The bat barely misses you. The bat hits you.
* * * LOW HITPOINT WARNING * * *
The ball python completely misses you. The ball python constricts you.
* * * LOW HITPOINT WARNING * * *
Casting: Foxfire (safe; 22% risk of failure)
Confirm with . or Enter, or press ? or * to list all spells.
You miscast Foxfire.
You are very lightly contaminated with residual magic.
Nothing appears to happen.
The bat hits you but does no damage. The bat completely misses you.
The ball python bites you but does no damage.
The ball python constricts you.
* * * LOW HITPOINT WARNING * * *
You escape the ball python's grasp.
The bat hits you but does no damage. The bat closely misses you.
The bat closely misses you. The bat hits you but does no damage.
An endoplasm comes into view.
The bat hits you but does no damage. x2
The endoplasm quivers.
The bat completely misses you. The bat closely misses you.
Found a scroll labelled IBEODY NUCLANN.
The bat hits you but does no damage. The ball python misses you.
The ball python closely misses you.
A goblin comes into view. It is wielding a +0 dagger.
The goblin shouts!
The bat hits you but does no damage. The bat barely misses you.
Your magical contamination has completely faded away.
The bat hits you but does no damage.
An endoplasm comes into view.
The endoplasm jiggles.
The goblin hits you but does no damage.
The ball python bites you but does no damage.
The ball python grabs you. The ball python constricts you.
You hit the goblin.
The goblin is moderately wounded.
The goblin hits you but does no damage. The ball python bites you.
You die...

...... .... .#..
... .?# #J# #. #g#
#.# #@# #..##S#
#.##b# ###..#b#
#### #......#.....
#......#.....
#.............
####.......##J...
##....>..........#


You could see an endoplasm, a goblin, 2 bats and a ball python.

Vanquished Creatures
  2 endoplasms (D:1)
  A giant cockroach (D:1)
  A hobgoblin (D:3)
  2 kobolds (D:1)
  A quokka (D:1)
  3 ball pythons
  A bat (D:2)
  3 frilled lizards
  2 rats
16 creatures vanquished.

Vanquished Creatures (others)
  21 foxfires
  A withered plant (D:3)
22 creatures vanquished.

Grand Total: 38 creatures vanquished

Notes
Turn   | Place    | Note
-------+----------+-------------------------------------------
     0 | D:1      | Logoto the Hill Orc Fire Elementalist began the quest for
                  | the Orb.
     0 | D:1      | Reached XP level 1. HP: 14/14 MP: 3/3
   500 | D:1      | Reached XP level 2. HP: 12/20 MP: 0/4
   503 | D:1      | Learned a level 2 spell: Scorch
   828 | D:1      | You fall into a shaft and drop 1 floor!
   836 | D:2      | Reached skill level 4 in Fire Magic
   862 | D:2      | Found a shimmering altar of Xom.
   990 | D:3      | HP: 1/20 [constriction (1)]
  1000 | D:3      | Slain by a ball python

Illustrated notes

Levels and vault maps discovered:
D:1:      heliophobic_arrival_enchanted_forest, layout_loops_corners,
          minivault_11, minmay_crystal_water
D:2:      layout_basic, basic_altar
D:3:      layout_rooms, mainiacjoe_overflow_chevrons,
          nemelex_spade_bored_becter, shapermc_ecumenical_altar_flowoftime

Skill      XL: |  1  2 |
---------------+-------+-----
Fire Magic     | 4 |  4.0
Dodging        | |  1.6
Stealth        | |  1.5
Unarmed Combat | |  0.3
Spellcasting   | |  1.7
Conjurations   | |  1.0

Action                   || total
-------------------------++-------
Melee: Unarmed           ||    40
       Punch             ||     1
 Cast: Foxfire           ||    14
       Scorch            ||     4
Armor: Robe              ||     2
       Ring mail         ||    44
Dodge: Dodged            ||    55
